 Dungeon Crawl Stone Soup version 0.30.1-11-g7821555f0a (webtiles) character file.

Game seed: 2000361338196837115

478 NelofarNekjeu the Shooter (level 7, -1/52 HPs)
             Began as a Human Hunter on Dec 22, 2023.
             Slain by a black bear (2 damage)
             ... on level 6 of the Dungeon.
             The game lasted 00:05:43 (1040 turns).

NelofarNekjeu the Shooter (Human Hunter)            Turns: 1040, Time: 00:05:43

Health: -1/52      AC:  5    Str: 11    XL:     7   Next: 33%
Magic:  7/7        EV: 11    Int: 12    God:
Gold:   118        SH:  0    Dex: 16    Spells: 6/6 levels left

rFire   . . .        a - +0 bardiche
rCold   . . .        (shield currently unavailable)
rNeg    . . .        d - +0 ring mail
rPois   .            (no helmet)
rElec   .            (no cloak)
rCorr   .            (no gloves)
SInv    .            (no boots)
Will    .....        (no amulet)
Stlth   ++           (no ring)
HPRegen 0.28/turn    (no ring)
MPRegen 0.10/turn

%: no passive effects
@: no status effects
A: no striking features
a: no special abilities


You were on level 6 of the Dungeon.
You visited 1 branch of the dungeon, and saw 5 of its levels.

You collected 118 gold pieces.

Inventory:

Hand Weapons
 a - a +0 bardiche (weapon)
 e - a +0 short sword
 f - a +0 arbalest
Missiles
 b - 2 boomerangs
Armour
 c - a +0 leather armour
 d - a +0 ring mail (worn)
Scrolls
 g - a scroll of immolation


   Skills:
 * Level 3.1 Fighting
 * Level 2.2 Short Blades
 * Level 6.2 Ranged Weapons
 * Level 1.9 Armour
 * Level 3.0 Dodging
 * Level 2.5 Stealth


You had 6 spell levels left.
You didn't know any spells.
Your spell library contained the following spells:

 Spells                   Type           Power      Damage    Failure   Level
 Apportation              Tloc           0%         N/A       61%         1
 Alistair's Intoxication  Tmut/Pois      0%         N/A       100%        5


Dungeon Overview and Level Annotations

Branches:
Dungeon (6/15)
 Temple: D:4-7

Altars:


Message History

The black bear closely misses you. The black bear barely misses you.
The black bear claws you but does no damage.
You aren't carrying any potions.
Okay, then.
You closely miss the black bear.
The black bear is moderately wounded.
The black bear bites you. The black bear barely misses you.
The black bear completely misses you. The black bear bites you.
The black bear barely misses you.
The black bear claws you but does no damage.
You slash the black bear!
The black bear is severely wounded.
The black bear bites you.
The black bear claws you but does no damage. x2
You hit the black bear.
The black bear is severely wounded.
The black bear goes berserk!
The black bear bites you. The black bear barely misses you.
The black bear claws you.
You barely miss the black bear.
The black bear is severely wounded.
The black bear bites you.
* * * LOW HITPOINT WARNING * * *
The black bear claws you but does no damage. x2
The black bear barely misses you. x2
The black bear claws you but does no damage.
The black bear bites you!
* * * LOW HITPOINT WARNING * * *
The black bear claws you but does no damage. x2
You barely miss the black bear.
The black bear is severely wounded.
The black bear bites you.
* * * LOW HITPOINT WARNING * * *
The black bear misses you.
The black bear claws you but does no damage.
The black bear closely misses you.
The black bear claws you but does no damage. x2
The black bear bites you.
* * * LOW HITPOINT WARNING * * *
The black bear closely misses you. The black bear claws you.
You die...

######.##.##...#.#....#..#
.. #. #.............#..#
...##.##.##..###.##......
..#.........##..#.......
.......#...##.##.......
#..#..#......##.......
#.............#.......
##.#.........#####.......
.......h@.>..............
##.#...###..####.#.###...
....... #.......#.# #...
##.#... #..######.# #.#)
#..... .... [.....#.
#.#... ##...# #####.#.
#.#... #...# #.#. . ....
..... #. #.


You could see a black bear (berserk).

Vanquished Creatures
  A water moccasin (D:6)
  2 scorpions (D:6)
  An orc priest (D:6)
  2 hounds (D:6)
  A jelly (D:6)
  A gnoll bouda (D:6)
  An iguana (D:3)
  An orc wizard (D:6)
  3 gnolls (D:6)
  An adder (D:2)
  2 orcs (D:6)
  A bat (D:1)
  An endoplasm (D:1)
  4 goblins
  A hobgoblin (D:2)
  2 kobolds (D:2)
  A quokka (D:3)
  A frilled lizard (D:3)
  3 rats
30 creatures vanquished.

Notes
Turn   | Place    | Note
-------+----------+-------------------------------------------
     0 | D:1      | NelofarNekjeu the Human Hunter began the quest for the Orb.
     0 | D:1      | Reached XP level 1. HP: 16/16 MP: 1/1
    91 | D:1      | Reached XP level 2. HP: 22/22 MP: 2/2
   190 | D:2      | Reached XP level 3. HP: 27/27 MP: 3/3
   259 | D:3      | Reached XP level 4. HP: 32/33 MP: 4/4
   340 | D:3      | You fall into a shaft and drop 3 floors!
   366 | D:6      | Noticed a scorpion
   372 | D:6      | Killed a scorpion
   373 | D:6      | Reached skill level 1 in Short Blades
   373 | D:6      | Reached skill level 5 in Ranged Weapons
   373 | D:6      | Reached skill level 1 in Armour
   373 | D:6      | Reached XP level 5. HP: 39/39 MP: 5/5
   413 | D:6      | Noticed a water moccasin
   415 | D:6      | Reached XP level 6. HP: 37/46 MP: 6/6
   430 | D:6      | Killed a water moccasin
   528 | D:6      | Reached skill level 6 in Ranged Weapons
   528 | D:6      | Reached XP level 7. HP: 46/52 MP: 7/7
   920 | D:5      | Entered Level 5 of the Dungeon
  1040 | D:6      | HP: 1/52 [black bear (2)]
  1040 | D:6      | Slain by a black bear

Illustrated notes

Levels and vault maps discovered:
D:1:      saegor_arrival_miasma, layout_loops_ring, minmay_tromino_v4_c
D:2:      kennysheep_six_static_rooms, layout_basic
D:3:      layout_rooms, fedhas_altar_2, eino_tiny_chamber, uniq_natasha
D:5:      layout_cave_pools
D:6:      layout_basic, nicolae_uskayaw_dance_hall

Skill      XL: |  1  2  3  4  5  6  7 |
---------------+----------------------+-----
Short Blades   | 1 2 |  2.2
Ranged Weapons | 5 6 |  6.2
Armour         | 1 |  1.9
Stealth        | 2 |  2.5
Fighting       | 3 |  3.1
Dodging        | 3 |  3.0

Action                     |  1- 3 |  4- 6 |  7- 9 || total
---------------------------+-------+-------+-------++-------
  Melee: Short sword       |    16 |       |    51 ||    67
         Bardiche          |       |       |     9 ||     9
   Fire: Shortbow          |    23 |    32 |    13 ||    68
         Arbalest          |       |       |     3 ||     3
    Use: Scroll            |     1 |     3 |     1 ||     5
         Potion            |       |       |     2 ||     2
 Armour: Leather armour    |     2 |     1 |     5 ||     8
         Skin              |       |       |    23 ||    23
         Ring mail         |       |       |    21 ||    21
  Dodge: Dodged            |    14 |     9 |    47 ||    70
